 Dungeon Crawl Stone Soup version 0.22-a0-514-g96ba041d05 (webtiles) character file.

689 Deemzul the Slasher (level 7, -2/55 HPs)
             Began as a Demonspawn Fighter on June 19, 2018.
             Killed from afar by Ijyb (18 damage)
             ... with a wand of acid (4)
             ... on level 4 of the Dungeon.
             The game lasted 00:06:25 (4264 turns).

Deemzul the Slasher (Demonspawn Fighter)            Turns: 4264, Time: 00:06:25

Health: -2/55      AC:  3    Str: 17    XL:     7   Next: 36%
Magic:  7/7        EV:  7    Int:  9    God:
Gold:   173        SH:  9    Dex: 14    Spells: 6/6 levels left

rFire    . . .     SeeInvis .   a - +0 long sword
rCold    . . .     Gourm    .   c - +0 shield
rNeg     . . .     Faith    .   b - +0 scale mail
rPois    .         Spirit   .   (helmet restricted)
rElec    .         Reflect  .   (no cloak)
rCorr    .         Harm     .   (no gloves)
MR       .....                  (no boots)
Stlth    ++........             (no amulet)
HPRegen  0.18/turn              (no ring)
MPRegen  0.10/turn              (no ring)

@: corroded
A: antennae 1, nightstalker 2, spiny 1
a: no special abilities


You were on level 4 of the Dungeon.
You were not hungry.

You visited 1 branch of the dungeon, and saw 4 of its levels.
You also visited: Ossuary.

You collected 173 gold pieces.

Inventory:

Hand Weapons
 a - a +0 long sword (weapon)
 o - a +1 dagger of venom
Armour
 b - a +0 scale mail (worn)
 c - a +0 shield (worn)
Jewellery
 p - the ring "Zeghoh" {rPois rN+ SInv, unknown}
   (You found it on level 4 of the Dungeon)

   [ring of poison resistance]

   It protects you from poison.
   It protects you from negative energy.
   It lets you see invisible.
Scrolls
 e - a scroll of noise {unknown}
 h - 2 scrolls of remove curse
 k - a scroll of fear {unknown}
 m - 3 scrolls of teleportation
 n - 2 scrolls of enchant weapon {unknown}
 r - a scroll of enchant armour {unknown}
Potions
 d - a potion of might
 g - 3 potions of haste {unknown}
 i - 4 potions of curing
 j - a potion of lignification {unknown}
 l - 3 potions of heal wounds {unknown}
 q - a potion of magic {unknown}
 s - 2 potions of cancellation {unknown}
 t - 2 potions of mutation {unknown}
 u - a potion of ambrosia {unknown}
 v - a potion of flight {unknown}
Comestibles
 f - 6 rations
 w - 6 chunks of flesh


   Skills:
 + Level 4.7 Fighting
 * Level 4.9 Long Blades
 + Level 4.2 Armour
 + Level 4.2 Shields


You had 6 spell levels left.
You didn't know any spells.
Your spell library was empty.

Dungeon Overview and Level Annotations

Branches:
Dungeon (4/15)
 Temple: D:4-7

Altars:
Hepliaklqana

Annotations:
D:3 1 runed door, Grinder; mora's ghost, amateur DDFi
D:4 2 transporters, Ijyb


Innate Abilities, Weirdness & Mutations

You have a pair of small antennae on your head.
You are significantly more attuned to the shadows.
You are partially covered in sharp spines.


Message History

Ijyb hits you but does no damage.
You closely miss Ijyb.
Ijyb is almost dead.
Ijyb zaps a wand.
The bolt of acid hits you! The acid corrodes you!
You are splashed with acid!
The acid burns!
* * * LOW HITPOINT WARNING * * *
You are too injured to fight recklessly!
You hit Ijyb but do no damage.
Ijyb is almost dead.
Ijyb barely misses you.
You hit Ijyb but do no damage.
Ijyb is almost dead.
Ijyb hits you but does no damage.
You barely miss Ijyb.
Ijyb is almost dead.
Ijyb hits you but does no damage.
You hit Ijyb but do no damage.
Ijyb is almost dead.
Ijyb zaps a wand.
The bolt of acid hits you!
You die...

#.###....#### ####
#...........# ##..#
#.........#####..##
#......###......##
#.............## ##
#........###..#
..##...###### #..#
......## #..#
.....## #.@#
###...##..
#..g..... ##......
#...####.
###..#.... .....#
....#####. ......#
...### ......#
.....## ......##
.......##


You could see Ijyb.

Vanquished Creatures
  A phantom (D:4)
  A water moccasin zombie (Ossuary)
  A crimson imp (D:3)
  3 orc priests
  Jessica (D:1)
  Natasha (D:3)
  An orc wizard (D:3)
  2 worker ants (D:4)
  3 big kobold zombies (Ossuary)
  3 mummies
  Robin (D:2)
  5 adders
  8 adder zombies (Ossuary)
  3 worms
  4 dart slugs
  2 leopard geckos
  13 orcs
  3 ball pythons (D:1)
  4 bats
  2 giant cockroaches (D:2)
  19 goblins
  7 hobgoblins
  9 jackals (D:1)
  4 kobolds
  A quokka (D:2)
  5 frilled lizards
  A gnoll zombie (Ossuary)
  6 hobgoblin zombies
  7 kobold zombies
  4 orc zombies (Ossuary)
  A quokka skeleton (D:4)
  7 rats
133 creatures vanquished.

Notes
Turn   | Place    | Note
-------+----------+-------------------------------------------
     0 | D:1      | Deemzul the Demonspawn Fighter began the quest for the Orb.
     0 | D:1      | Reached XP level 1. HP: 18/18 MP: 1/1
    76 | D:1      | Gained mutation: You are slightly more attuned to the shadows. [demonic ancestry]
    76 | D:1      | Reached XP level 2. HP: 20/24 MP: 2/2
   266 | D:1      | Gained mutation: You have a pair of small antennae on your head. [demonic ancestry]
   266 | D:1      | Reached XP level 3. HP: 29/29 MP: 3/3
   670 | D:2      | Noticed Jessica
   698 | D:1      | Killed Jessica
   698 | D:1      | Reached XP level 4. HP: 17/35 MP: 4/4
  1268 | D:2      | Noticed Robin
  1300 | D:2      | Killed Robin
  1300 | D:2      | Gained mutation: You are partially covered in sharp spines. [demonic ancestry]
  1300 | D:2      | Reached XP level 5. HP: 22/41 MP: 5/5
  1551 | D:2      | Noticed an ice beast
  1558 | D:2      | HP: 2/41 [ice beast (9)]
  1952 | D:3      | Found a hazy altar of Hepliaklqana.
  1963 | D:3      | Noticed Grinder
  2482 | D:3      | Reached XP level 6. HP: 46/48 MP: 6/6
  2511 | D:3      | Noticed Natasha
  2523 | D:3      | Killed Natasha
  2751 | D:3      | Found a runed door.
  2763 | D:3      | Noticed mora's ghost (amateur DDFi)
  2790 | D:4      | Got a transparent jade ring
  2954 | D:4      | Found a sand-covered staircase.
  2997 | Ossuary  | Entered an ossuary
  3600 | Ossuary  | Gained mutation: You are significantly more attuned to the shadows. [demonic ancestry]
  3600 | Ossuary  | Reached XP level 7. HP: 55/55 MP: 7/7
  3962 | D:4      | Found a transporter.
  3966 | D:4      | Found a transporter.
  4247 | D:4      | Noticed Ijyb
  4264 | D:4      | Killed from afar by Ijyb

Vault maps used:
D:1:      saegor_arrival_miasma, minmay_shallow_snake_nest
D:2:      uniq_robin, uniq_jessica
D:3:      lemuel_crystal_altar, nicolae_overflow_hidden_temple,
          lemuel_doored_altar, serial_glass, glass_columns_a, glass_columns_b,
          due_unseen_surprise, gammafunk_ghost_grave, minivault_25,
          uniq_grinder, uniq_natasha
D:4:      gammafunk_wand_slinger, lemuel_round_altar, kennysheep_little_box,
          temple_doors_cd, first_ration, nicolae_ossuary_entry_giza,
          minmay_misc_feat_secret_circle, minivault_5, corner_web_ring,
          uniq_ijyb
Ossuary:  ossuary_tomb_2

Skill      XL: |  1  2  3  4  5  6 |
---------------+-------------------+-----
Long Blades    | 2 3 4 |  4.9
Armour         | 3 4 |  4.2
Shields        | 3 4 |  4.2
Fighting       | 4 |  4.7

Action                   |  1- 3 |  4- 6 |  7- 9 || total
-------------------------+-------+-------+-------++-------
Melee: Long sword        |    94 |   235 |    82 ||   411
       Dagger            |       |    68 |       ||    68
  Use: Scroll            |       |       |     2 ||     2
 Stab: Sleeping          |     1 |       |       ||     1
  Eat: Chunk             |       |     8 |       ||     8
       Ration            |       |     1 |       ||     1
Armor: Scale mail        |    37 |   102 |    15 ||   154
Dodge: Dodged            |    29 |    72 |    19 ||   120
Block: Shield            |    42 |   123 |    38 ||   203
       Rpst.: Long sword |     8 |    21 |     6 ||    35

Table legend:
 A = Spawn XP
 B = Non-spawn XP
 C = Spawn XP percentage of total XP
 D = Spawn monster count
 E = Non-spawn monster count
 F = Spawn count percentage of total count
 G = Total turns spent on level
                    A         B        C        D         E        F      G
               +---------+---------+-------+---------+---------+-------+---------
         Total |       0 |     985 |   0.0 |       0 |     133 |   0.0 |  4264
               +---------+---------+-------+---------+---------+-------+---------
           D:1 |       0 |     107 |   0.0 |       0 |      33 |   0.0 |  1016
           D:2 |       0 |      94 |   0.0 |       0 |      33 |   0.0 |  1021
           D:3 |       0 |     274 |   0.0 |       0 |      20 |   0.0 |   738
           D:4 |       0 |     285 |   0.0 |       0 |      17 |   0.0 |   704
       Ossuary |       0 |     225 |   0.0 |       0 |      30 |   0.0 |   785
               +---------+---------+-------+---------+---------+-------+---------
